 Dungeon Crawl Stone Soup version 0.27-a0-1273-gec92ba881d (webtiles) character file.

Game seed: 10507359277861365765

72 mordus the Poker (level 4, -2/38 HPs)
             Began as a Draconian Monk on June 11, 2021.
             Slain by a scorpion (4 damage)
             ... on level 3 of the Dungeon.
             The game lasted 00:01:52 (1714 turns).

mordus the Poker (Draconian Monk)                   Turns: 1714, Time: 00:01:53

Health: -2/38      AC:  5    Str: 15    XL:     4   Next: 7%
Magic:  4/4        EV: 13    Int: 10    God:
Gold:   53         SH:  0    Dex: 13    Spells: 3/3 levels left

rFire    . . .     SeeInvis .   a - +0 spear
rCold    . . .     Faith    .   (no shield)
rNeg     . . .     Spirit   .   (armour unavailable)
rPois    .         Reflect  .   (helmet restricted)
rElec    .         Harm     .   (no cloak)
rCorr    .         Rampage  .   (no gloves)
Will     .....                  (no boots)
Stlth    ++........             (no amulet)
HPRegen  0.12/turn              (no ring)
MPRegen  0.09/turn              (no ring)

@: lethally poisoned (-2 -> -3)
A: AC +5, unfitting armour, cold-blooded
a: no special abilities


You were on level 3 of the Dungeon.
You visited 1 branch of the dungeon, and saw 3 of its levels.

You collected 53 gold pieces.

Inventory:

Hand Weapons
 a - a +0 spear (weapon)
Jewellery
 k - a +4 ring of evasion
Scrolls
 b - a scroll of silence {unknown}
 c - a scroll of teleportation {unknown}
 e - a scroll of identify {unknown}
 g - 3 scrolls of magic mapping {unknown}
 h - a scroll of enchant armour {unknown}
 l - a scroll of brand weapon {unknown}
 m - a scroll of acquirement {unknown}
Potions
 d - 3 potions of heal wounds {unknown}
 f - a potion of haste {unknown}
 i - a potion of flight {unknown}
 j - a potion of might {unknown}
 n - a potion of berserk rage {unknown}


   Skills:
 - Level 3.2 Fighting
 * Level 4.4 Polearms
 + Level 3.3 Dodging
 - Level 1.7 Stealth


You had 3 spell levels left.
You didn't know any spells.
Your spell library was empty.

Dungeon Overview and Level Annotations

Branches:
Dungeon (3/15)

Altars:
Hepliaklqana


Innate Abilities, Weirdness & Mutations

Your plain brown scales are hard. (AC +5)
You cannot fit into any form of body armour.
You are cold-blooded and may be slowed by cold attacks.


Message History

No target in view!
You see here 19 arrows.
You see here 5 sling bullets.
A scorpion comes into view.
The scorpion moves out of view.
No target in view!
A hobgoblin comes into view.
The hobgoblin shouts!
The hobgoblin moves out of view.
No target in view!
A hobgoblin is nearby!
A hobgoblin is nearby!
There are monsters nearby!
There are monsters nearby!
You closely miss the scorpion. The scorpion stings you!
There are monsters nearby!
You hit the scorpion but do no damage. The scorpion misses you.
There are monsters nearby!
There are monsters nearby!
You barely miss the scorpion. The scorpion closely misses you.
There are monsters nearby!
You barely miss the scorpion. The scorpion stings you. The hobgoblin hits you.
The scorpion stings you but does no damage.
The scorpion barely misses you. The scorpion stings you!
The scorpion stings you.
You are poisoned.
The scorpion poisons you!
* * * LOW HITPOINT WARNING * * *
You feel very sick.
* * * LOW HITPOINT WARNING * * *
You feel sick.
You feel sick.
The scorpion stings you but does no damage.
* * * LOW HITPOINT WARNING * * *
You feel sick.
You feel sick.
You feel sick.
You feel sick. The scorpion stings you.
You die...

. .# #..# ####..#
....... #...... .
#.##..## .# #@#
... .. #s# #.#
..#.#. #g#
#.###.#...### #.#
#............ #.#
#..###.#..#.# #.#
#..# #.#..#.# #.#
#..###.#..#>#
#.###..(...#..#.#
#...............#


You could see a scorpion and a hobgoblin.

Vanquished Creatures
  2 dart slugs
  3 orcs (D:3)
  6 ball pythons
  7 bats
  7 endoplasms
  5 hobgoblins
  2 jackals (D:1)
  5 quokkas
  10 frilled lizards (D:1)
  6 goblins
  2 kobolds
  6 rats
61 creatures vanquished.

Notes
Turn   | Place    | Note
-------+----------+-------------------------------------------
     0 | D:1      | mordus the Draconian Monk began the quest for the Orb.
     0 | D:1      | Reached XP level 1. HP: 19/19 MP: 1/1
    23 | D:1      | You fall into a shaft and drop 1 floor!
   119 | D:1      | Reached XP level 2. HP: 16/26 MP: 2/2
   422 | D:1      | Reached XP level 3. HP: 31/31 MP: 3/3
   491 | D:1      | Reached skill level 4 in Polearms
  1477 | D:3      | Found a hazy altar of Hepliaklqana.
  1508 | D:3      | Reached XP level 4. HP: 33/38 MP: 4/4
  1603 | D:3      | Found a faded altar of an unknown god.
  1690 | D:3      | Noticed a scorpion
  1714 | D:3      | Slain by a scorpion

Illustrated notes

Levels and vault maps discovered:
D:1:      minmay_arrival_loop, layout_loops_ring, minmay_lizard_pond
D:2:      layout_basic
D:3:      layout_loops_ring, old_standard_altar,
          shapermc_ecumenical_altar_mp_ritualfount

Skill      XL: |  1  2  3 |
---------------+----------+-----
Dodging        | 3 |  3.3
Polearms       | 4 |  4.4
Fighting       | |  3.2
Stealth        | |  1.7

Action                   |  1- 3 |  4- 6 || total
-------------------------+-------+-------++-------
Melee: Spear             |   174 |    20 ||   194
       Tailslap          |    15 |     4 ||    19
 Stab: Sleeping          |    11 |     1 ||    12
Armor: Skin              |    38 |     3 ||    41
Dodge: Dodged            |    84 |    11 ||    95

Table legend: (Time is in decaauts)
 A = Elapsed time spent in this place.
 B = Non-inter-level travel time spent in this place.
 C = Inter-level travel time spent in this place.
 D = Time resting spent in this place.
 E = Time spent auto-exploring this place.
 F = Levels seen in this place.
 G = Mean time per level.
                   A        B        C        D        E       F      G
               +--------+--------+--------+--------+--------+-----+--------+
         Total |   1696 |   1641 |     55 |    134 |   1125 |   3 |  565.3 |
       Dungeon |   1696 |   1641 |     55 |    134 |   1125 |   3 |  565.3 |
               +--------+--------+--------+--------+--------+-----+--------+

Top non-repeatable levels by time:
     D:1: 857 daAuts
     D:2: 588 daAuts
     D:3: 249 daAuts
